General information
- name: BNet
- type: Ladder team game (AT/RT)
- host: Battle.net
- saver: TIMG4STRok
map: LostTemple
- players: 4
- length: 29:31
- speed: Fast
- version: 1.23 W3XP
- replay type:

» download(170 KB)
Players
team 1 (loser)
sikatrix (
pink | 114 APM | 3356 actions | 29:26)
6 Archmage
2 Summon Water Elemental
3 Brilliance Aura
1 Blizzard
3 Mountain King
2 Storm Bolt
1 Bash
3 Paladin
2 Holy Light
1 Divine Shield
» actions
| Assign group hotkey | 65 | |
| Basic commands | 253 | |
| Build / train | 165 | |
| ESC pressed | 9 | |
| Enter build submenu | 57 | |
| Enter hero's abilities submenu | 11 | |
| Give item / drop item | 2 | |
| Right click | 1223 | |
| Select / deselect | 517 | |
| Select group hotkey | 842 | |
| Use ability | 211 | |
3356 total
» units
| Peasant | 47 | |
| Footman | 6 | |
| Spell Breaker | 5 | |
| Sorceress | 1 | |
| Priest | 1 | |
| Goblin Shredder | 1 | |
| Siege Engine | 4 | |
65 total
» upgrades
| Masonry | 3 | |
| Lumber Harvesting | 2 | |
| Magic Sentry | 1 | |
| Priest Training | 2 | |
| Armor | 1 | |
| Plating | 1 | |
| Barrage | 1 | |
11 total
» buildings
| Altar of Kings | 1 | |
| Farm | 8 | |
| Barracks | 1 | |
| Town Hall | 4 | |
| Scout Tower | 32 | |
| Lumber Mill | 2 | |
| Arcane Tower | 6 | |
| Arcane Vault | 1 | |
| Guard Tower | 32 | |
| Keep | 3 | |
| Castle | 1 | |
| Arcane Sanctum | 2 | |
| Blacksmith | 1 | |
| Workshop | 2 | |
96 total
» build order
00:06 Altar of Kings
00:16 Farm
00:18 Barracks
00:37 Farm
01:37 Farm
03:20 Town Hall
03:29 Scout Tower
03:43 Lumber Mill
04:29 Arcane Tower
05:12 Arcane Vault
05:22 Scout Tower
05:42 Scout Tower
05:44 Scout Tower
05:47 Scout Tower
06:21 Scout Tower
06:24 Scout Tower
06:25 Scout Tower
06:26 Scout Tower
06:32 Guard Tower
06:51 Guard Tower
07:07 Guard Tower
07:07 Guard Tower
07:10 Guard Tower
07:10 Guard Tower
07:19 Scout Tower
07:21 Scout Tower
07:25 Farm
07:58 Keep
07:59 Keep
07:59 Keep
08:08 Guard Tower
08:09 Guard Tower
08:11 Farm
08:16 Guard Tower
08:16 Guard Tower
08:16 Guard Tower
08:28 Farm
10:26 Castle
10:48 Arcane Sanctum
10:50 Arcane Sanctum
11:37 Farm
12:45 Farm
12:48 Blacksmith
13:30 Town Hall
13:34 Scout Tower
13:34 Scout Tower
13:36 Scout Tower
13:37 Scout Tower
14:03 Guard Tower
14:04 Guard Tower
14:49 Arcane Tower
16:17 Scout Tower
17:14 Arcane Tower
17:14 Arcane Tower
17:41 Scout Tower
17:42 Scout Tower
18:27 Guard Tower
19:48 Lumber Mill
21:39 Scout Tower
21:40 Scout Tower
21:41 Scout Tower
21:42 Scout Tower
21:44 Scout Tower
22:09 Guard Tower
22:09 Guard Tower
22:10 Guard Tower
22:11 Scout Tower
22:14 Scout Tower
22:15 Scout Tower
22:16 Scout Tower
22:17 Scout Tower
22:18 Guard Tower
22:57 Arcane Tower
22:58 Guard Tower
22:58 Guard Tower
23:01 Town Hall
23:56 Town Hall
24:05 Scout Tower
24:06 Scout Tower
24:08 Scout Tower
24:34 Guard Tower
24:35 Guard Tower
24:56 Workshop
24:58 Workshop
25:09 Guard Tower
27:16 Scout Tower
» items
| Scroll of Town Portal | 3 | |
| Healing Salve | 1 | |
| Lesser Clarity Potion | 2 | |
| Potion of Healing | 4 | |
| Scroll of Speed | 1 | |
| Scroll of Healing | 5 | |
| Potion of Lesser Invulnerability | 1 | |
| Dust of Appearance | 2 | |
| Tome of Retraining | 1 | |
20 total
tranzf1x (
purple | 77 APM | 2272 actions | 29:29)
4 Blademaster
2 Wind Walk
2 Critical Strike
3 Shadow Hunter
1 Hex
2 Healing Wave
» actions
| Basic commands | 172 | |
| Build / train | 53 | |
| Enter build submenu | 30 | |
| Enter hero's abilities submenu | 7 | |
| Give item / drop item | 3 | |
| Right click | 839 | |
| Select / deselect | 1045 | |
| Use ability | 123 | |
2272 total
» units
| Peon | 9 | |
| Grunt | 5 | |
| Troll Batrider | 3 | |
| Wind Rider | 3 | |
| Raider | 6 | |
26 total
» upgrades
| Ensnare | 1 | |
| Armor | 3 | |
| Reinforced Defenses | 1 | |
| Melee Weapons | 3 | |
| Pillage | 1 | |
9 total
» buildings
| Altar of Storms | 1 | |
| Orc Burrow | 8 | |
| Barracks | 1 | |
| Stronghold | 1 | |
| Beastiary | 2 | |
| Voodoo Lounge | 1 | |
| War Mill | 1 | |
| Fortress | 2 | |
| Watch Tower | 14 | |
31 total
» build order
00:12 Altar of Storms
00:21 Orc Burrow
00:34 Barracks
01:32 Orc Burrow
02:39 Stronghold
04:05 Orc Burrow
05:34 Beastiary
06:26 Beastiary
06:28 Voodoo Lounge
06:45 Orc Burrow
08:06 Orc Burrow
10:19 War Mill
10:20 Orc Burrow
10:22 Orc Burrow
10:24 Orc Burrow
11:10 Fortress
11:10 Fortress
12:06 Watch Tower
12:09 Watch Tower
12:10 Watch Tower
12:11 Watch Tower
12:15 Watch Tower
13:25 Watch Tower
13:41 Watch Tower
13:45 Watch Tower
13:47 Watch Tower
17:43 Watch Tower
18:01 Watch Tower
20:58 Watch Tower
20:59 Watch Tower
21:00 Watch Tower
» items
| Scroll of Regeneration | 1 | |
| Lesser Clarity Potion | 1 | |
| Periapt of Vitality | 1 | |
| Boots of Speed | 1 | |
4 total
team 2 (winner)
TheNumber1-B (
green | 88 APM | 2594 actions | 29:29)
6 Blademaster
3 Wind Walk
2 Critical Strike
1 Bladestorm
» actions
| Assign group hotkey | 14 | |
| Basic commands | 11 | |
| Build / train | 84 | |
| ESC pressed | 2 | |
| Enter build submenu | 45 | |
| Enter hero's abilities submenu | 6 | |
| Give item / drop item | 4 | |
| Right click | 1261 | |
| Select / deselect | 201 | |
| Select group hotkey | 792 | |
| Use ability | 174 | |
2594 total
» units
» upgrades
| Spiked Barricades | 3 | |
| Reinforced Defenses | 1 | |
| Liquid Fire | 1 | |
| Ranged Weapons | 3 | |
| Armor | 3 | |
| Melee Weapons | 2 | |
13 total
» buildings
| Altar of Storms | 1 | |
| Orc Burrow | 7 | |
| Voodoo Lounge | 3 | |
| War Mill | 3 | |
| Watch Tower | 26 | |
| Stronghold | 1 | |
| Fortress | 1 | |
| Beastiary | 4 | |
| Great Hall | 1 | |
47 total
» build order
00:07 Altar of Storms
00:20 Orc Burrow
00:51 Voodoo Lounge
01:05 War Mill
01:43 Orc Burrow
02:20 Watch Tower
02:38 Watch Tower
03:03 Watch Tower
03:35 Watch Tower
03:36 Watch Tower
04:49 Stronghold
04:51 Watch Tower
04:54 Watch Tower
04:55 Watch Tower
06:02 Watch Tower
06:48 Orc Burrow
07:13 Fortress
07:28 Watch Tower
08:26 Beastiary
08:31 Beastiary
10:56 Watch Tower
10:56 Watch Tower
10:57 Watch Tower
10:57 Watch Tower
10:58 Watch Tower
11:42 Orc Burrow
11:52 Great Hall
11:59 Watch Tower
12:00 Watch Tower
12:02 Watch Tower
12:15 Watch Tower
13:52 Watch Tower
13:55 Watch Tower
14:04 Voodoo Lounge
14:15 War Mill
14:45 Watch Tower
15:01 Orc Burrow
15:12 Watch Tower
16:16 Watch Tower
16:18 Watch Tower
21:15 War Mill
22:13 Beastiary
22:13 Beastiary
22:18 Orc Burrow
22:18 Orc Burrow
25:28 Watch Tower
25:31 Voodoo Lounge
» items
| Healing Salve | 4 | |
| Lesser Clarity Potion | 5 | |
| Boots of Speed | 1 | |
| Circlet of Nobility | 1 | |
| Staff of Teleportation | 1 | |
| Scroll of Healing | 2 | |
| Scroll of Protection | 1 | |
| Potion of Lesser Invulnerability | 1 | |
| Scroll of Town Portal | 2 | |
| Potion of Healing | 1 | |
| Orb of Lightning | 1 | |
20 total
TIMG4STRok (
yellow | 77 APM | 2260 actions | 29:31)
3 Archmage
2 Blizzard
1 Brilliance Aura
3 Mountain King
1 Storm Bolt
2 Bash
» actions
| Assign group hotkey | 6 | |
| Basic commands | 49 | |
| Build / train | 108 | |
| ESC pressed | 7 | |
| Enter build submenu | 88 | |
| Enter hero's abilities submenu | 6 | |
| Give item / drop item | 1 | |
| Right click | 1023 | |
| Select / deselect | 299 | |
| Select group hotkey | 464 | |
| Use ability | 209 | |
2260 total
» units
» upgrades
| Masonry | 3 | |
| Magic Sentry | 1 | |
| Swords | 3 | |
| Armor | 3 | |
| Storm Hammers | 1 | |
| Animal War Training | 1 | |
12 total
» buildings
| Altar of Kings | 1 | |
| Farm | 11 | |
| Lumber Mill | 1 | |
| Scout Tower | 85 | |
| Arcane Tower | 4 | |
| Guard Tower | 42 | |
| Keep | 1 | |
| Arcane Sanctum | 1 | |
| Castle | 1 | |
| Blacksmith | 1 | |
| Town Hall | 3 | |
| Arcane Vault | 1 | |
| Gryphon Aviary | 1 | |
| Barracks | 1 | |
154 total
» build order
00:17 Altar of Kings
00:26 Farm
00:31 Lumber Mill
01:10 Scout Tower
01:19 Scout Tower
01:35 Farm
01:38 Arcane Tower
02:05 Arcane Tower
02:22 Scout Tower
02:29 Scout Tower
03:12 Guard Tower
03:14 Scout Tower
03:15 Scout Tower
03:18 Scout Tower
03:23 Guard Tower
03:27 Scout Tower
03:28 Scout Tower
03:48 Arcane Tower
03:50 Keep
04:06 Guard Tower
04:19 Guard Tower
04:27 Guard Tower
06:15 Arcane Sanctum
06:24 Scout Tower
06:25 Scout Tower
06:27 Scout Tower
06:31 Scout Tower
06:31 Scout Tower
06:32 Scout Tower
06:38 Scout Tower
06:39 Scout Tower
06:40 Scout Tower
06:45 Castle
06:46 Blacksmith
06:50 Farm
07:38 Scout Tower
07:38 Scout Tower
07:40 Guard Tower
07:50 Town Hall
07:58 Scout Tower
07:58 Scout Tower
07:59 Scout Tower
08:05 Guard Tower
08:06 Arcane Vault
08:13 Guard Tower
08:16 Scout Tower
08:29 Guard Tower
08:37 Guard Tower
09:04 Scout Tower
09:13 Guard Tower
09:15 Scout Tower
09:45 Guard Tower
10:11 Guard Tower
10:14 Town Hall
10:17 Scout Tower
10:18 Scout Tower
10:21 Guard Tower
10:48 Guard Tower
10:51 Scout Tower
10:52 Scout Tower
11:13 Guard Tower
11:16 Scout Tower
11:19 Guard Tower
11:46 Guard Tower
11:48 Scout Tower
11:50 Guard Tower
12:40 Guard Tower
13:01 Scout Tower
13:02 Scout Tower
13:05 Scout Tower
13:06 Scout Tower
13:26 Gryphon Aviary
13:51 Guard Tower
13:56 Scout Tower
13:56 Scout Tower
13:57 Scout Tower
14:08 Scout Tower
14:09 Scout Tower
14:09 Scout Tower
14:10 Scout Tower
14:11 Scout Tower
14:41 Guard Tower
14:44 Guard Tower
14:45 Scout Tower
14:49 Barracks
14:54 Guard Tower
15:14 Guard Tower
16:09 Guard Tower
16:19 Farm
16:21 Farm
16:38 Guard Tower
16:44 Scout Tower
16:44 Scout Tower
16:45 Scout Tower
17:34 Scout Tower
17:35 Scout Tower
17:36 Scout Tower
17:36 Scout Tower
17:56 Guard Tower
18:01 Scout Tower
18:02 Scout Tower
18:07 Guard Tower
18:08 Guard Tower
18:37 Guard Tower
18:40 Arcane Tower
18:41 Guard Tower
18:44 Guard Tower
21:03 Scout Tower
21:04 Scout Tower
21:05 Scout Tower
21:06 Scout Tower
21:07 Scout Tower
21:08 Scout Tower
21:09 Scout Tower
21:13 Scout Tower
21:13 Scout Tower
21:14 Scout Tower
21:16 Scout Tower
21:17 Scout Tower
21:40 Guard Tower
22:04 Guard Tower
22:10 Guard Tower
24:14 Farm
24:14 Farm
24:14 Farm
24:18 Farm
24:19 Farm
25:22 Scout Tower
25:23 Scout Tower
25:25 Scout Tower
25:27 Scout Tower
25:27 Scout Tower
25:28 Scout Tower
25:31 Scout Tower
25:32 Scout Tower
26:13 Guard Tower
26:51 Guard Tower
26:53 Scout Tower
26:53 Scout Tower
26:54 Scout Tower
26:54 Scout Tower
27:20 Guard Tower
27:24 Guard Tower
27:27 Scout Tower
27:28 Scout Tower
27:28 Scout Tower
27:29 Scout Tower
27:29 Scout Tower
27:31 Scout Tower
27:36 Town Hall
27:59 Guard Tower
28:02 Guard Tower
29:18 Scout Tower
» items
| Staff of Teleportation | 2 | |
| Boots of Speed | 2 | |
| Healing Salve | 1 | |
| Lesser Clarity Potion | 1 | |
| Orb of Lightning | 2 | |
| Staff of Sanctuary | 2 | |
10 total
Chat log
(00:15 / Allies) TIMG4STRok: i love this mappe
(00:16 / Allies) TheNumber1-B: pretty happy my last 2 finals are tomorrow
(00:26 / Allies) TheNumber1-B: same
(00:38 / Allies) TIMG4STRok: i still got a week of class
(00:47 / Allies) TheNumber1-B: shit
(00:49 / Allies) TheNumber1-B: sucsk
(00:52 / Allies) TIMG4STRok: nah
(00:55 / Allies) TIMG4STRok: it aint too bad
(01:00 / Allies) TIMG4STRok: its not hot yet
(01:02 / Allies) TIMG4STRok: you know
(01:04 / Allies) TIMG4STRok: aint beach weather
(01:24 / Allies) TheNumber1-B: i got shit to do
(01:26 / Allies) TheNumber1-B: in the summer
(01:28 / Allies) TheNumber1-B: ya dig
(01:30 / Allies) TIMG4STRok: once it starts getting hot thats when it sucks to be in school
(01:30 / Allies) TIMG4STRok: ye
(01:46 / Allies) TheNumber1-B: lol
(01:48 / Allies) TheNumber1-B: hot as shit here
(01:54 / Allies) TIMG4STRok: its been raining the whole week
(01:56 / Allies) TheNumber1-B: yo
(01:57 / Allies) TIMG4STRok: and like 65
(02:01 / Allies) TheNumber1-B: they playing on
(02:05 / Allies) TheNumber1-B: the cool___162 names
(02:07 / Allies) TheNumber1-B: we should match em
(02:13 / Allies) TIMG4STRok: thats effort
(02:52 / Allies) TIMG4STRok: orc teching
(04:37 / Allies) TIMG4STRok: get over here now
(04:38 / Allies) TIMG4STRok: asap!!!
(05:11 / Allies) TIMG4STRok: am
(06:07 / Allies) TIMG4STRok: lmao
(08:46 / Allies) TheNumber1-B: gona staff
(08:51 / Allies) TheNumber1-B: almost up
(09:36 / Allies) TIMG4STRok: wood
(10:03 / Allies) TIMG4STRok: where are your abts
(11:49 / All) tranzf1x: is this what happens when you play war3 for 6000 games
(11:52 / All) tranzf1x: does it actually get this boring
(11:55 / All) tranzf1x: I hate you fucking faggots
(11:56 / All) tranzf1x: die in fire
(12:03 / All) TIMG4STRok: is this what happens when you're a noob
(12:06 / All) TIMG4STRok: you can't beat towers
(12:18 / All) tranzf1x: k virgin
(12:26 / All) TheNumber1-B: you dont know me
(12:34 / All) TIMG4STRok: says the guy playing war3 at 11:30pm on a thursday, trying real hard to win
(12:41 / All) tranzf1x: you are gay as fuck
(12:42 / All) tranzf1x: is all i know
(12:46 / All) TIMG4STRok: im here after work
(12:49 / All) TIMG4STRok: unwinding and relaxing
(12:55 / All) TIMG4STRok: and here you are trying hard as shit to get some wins
(12:57 / All) TIMG4STRok: thats pretty sad
(13:02 / All) sikatrix: who said we're trying?
(13:07 / All) sikatrix: cause we're better then you?
(13:10 / All) TIMG4STRok: lmao
(13:10 / All) tranzf1x: LOL
(13:11 / All) sikatrix: nice logic
(13:13 / All) TIMG4STRok: you are terrible
(13:20 / All) TIMG4STRok: if you were any good this game would be over
(13:21 / All) sikatrix: nice logic nerd
(13:21 / All) tranzf1x: AND YOU'RE A VIRGIN
(13:31 / All) TIMG4STRok: man
(13:35 / All) TIMG4STRok: you are getting really angry
(13:43 / All) TIMG4STRok: does war3 mean that much to you
(13:49 / All) sikatrix: IM FUCKING PISSSSSSSED
(14:18 / All) tranzf1x: i go to work
(14:19 / All) tranzf1x: I come home
(14:21 / All) tranzf1x: I jerk off
(14:23 / All) tranzf1x: = my life in a nutshell
(14:36 / All) TIMG4STRok: thats pretty depressing
(16:33 / All) TIMG4STRok: welcome 2 my base
(16:51 / All) TIMG4STRok: nice army
(16:57 / Allies) TheNumber1-B: lol
(18:58 / All) TIMG4STRok: peace
(19:03 / All) sikatrix: ur not good
(19:09 / All) TIMG4STRok: nice
(19:11 / All) TIMG4STRok: 100 ensanres
(19:15 / All) TIMG4STRok: and you only use one
(19:20 / All) TIMG4STRok: are you bad: yes
(19:25 / Allies) TheNumber1-B: lol
(19:37 / Allies) TIMG4STRok: just take out expos and shit
(19:47 / Allies) TIMG4STRok: fvck
(19:50 / Allies) TIMG4STRok: dont let pink take nat
(20:47 / Allies) TIMG4STRok: yeah just keep them distracted
(20:49 / Allies) TIMG4STRok: for a few more min
(21:09 / Allies) TheNumber1-B: they def trying hard ahah
(21:18 / Allies) TIMG4STRok: i know lmao
(23:22 / Allies) TIMG4STRok: share
(23:27 / Allies) TIMG4STRok: kill that shit
(23:29 / Allies) TIMG4STRok: fuckkk
(23:31 / Allies) TheNumber1-B: shit my bm
(23:32 / Allies) TIMG4STRok: go back
(23:33 / Allies) TIMG4STRok: kill it
(23:36 / Allies) TIMG4STRok: i got
(23:36 / Allies) TheNumber1-B: bc i went to share
(24:09 / All) TIMG4STRok: shit i only got 13k
(24:16 / All) sikatrix: same
(24:19 / All) tranzf1x: and 0 units
(24:25 / All) TIMG4STRok: nah you only have one expo and an army sorry
(24:25 / All) tranzf1x: you probably actually are a virgin
(24:27 / All) tranzf1x: thats whats funy
(24:37 / All) TIMG4STRok: owned by a virgin
(24:40 / All) TIMG4STRok: hows it feel
(25:55 / Allies) TIMG4STRok: yeah keep him busy again
(27:37 / Allies) TIMG4STRok: my expo
(28:30 / Allies) TIMG4STRok: hope you're killing something
(28:38 / Allies) TheNumber1-B: ...
(29:02 / Allies) TIMG4STRok: my expo going down
(29:29 / All) TIMG4STRok: ;lmao